AoeStats
← zdenekvais

Arabia

510122701Analyzed
3v3 RM · 2d ago on Sep 29, 2026· 43m 10s· 6 players
Game mode
Random Map
Map size
Normal (6 player)
Population
200
Speed
Normal
Resources
Standard
Victory
Conquest
Starting age
Dark Age
Ending age
Imperial Age
RankedLock teamsTeams togetherTeam positionsShared explorationLock speedFull tech treeHidden civsTurbo modeCheats
Victory
Defeat
🇩🇪 Franks · Germany
824
+15
🇷🇺 Maya · Russia
737
+19
🇵🇱 Shu · Poland
660
+22
🇨🇿 Franks · Czechia
946
-24
🇨🇿 Varangians · Czechia
902
-23
🇨🇿 Byzantines · Czechia
548
-9
Walls vs Zombies 2009
10:08 Feudal Age
10:43 Double-Bit Axe
13:57 Scale Barding Armor
14:23 Loom
17:04 Wheelbarrow
20:13 Castle Age
19:40 Gold Mining
21:10 Bow Saw
21:40 Hand Cart
22:10 Forging
21:44 Light Cavalry
21:53 Pikeman
22:51 Town Watch
25:29 Chain Barding Armor
26:49 Stone Mining
27:53 Husbandry
27:55 Squires
28:37 Iron Casting
32:09 Gold Shaft Mining
32:18 Fervor
32:57 Scale Mail Armor
35:50 Imperial Age
34:08 Coinage
33:59 Ballistics
33:57 Chain Mail Armor
33:56 Fletching
33:50 Treadmill Crane
35:15 Bodkin Arrow
35:55 Cavalier
37:33 Plate Barding Armor
37:59 Blast Furnace
37:34 Banking
42:52 Chemistry
42:24 Plate Mail Armor
lovemetiger
1:46 Loom
11:17 Feudal Age
12:35 Wheelbarrow
11:54 Double-Bit Axe
19:24 Gold Mining
22:21 Castle Age
21:22 Horse Collar
21:39 Stone Mining
24:03 Fletching
26:17 Hand Cart
27:37 Scale Mail Armor
28:22 Padded Archer Armor
30:20 Crossbowman
30:30 Pikeman
31:10 Squires
33:23 Bow Saw
38:34 Imperial Age
37:04 Thumb Ring
38:21 Forging
38:34 Heavy Plow
39:12 Capped Ram
41:45 Bodkin Arrow
42:26 Bracer
42:57 Arson
Binky
7:29 Loom
10:04 Feudal Age
10:43 Double-Bit Axe
11:15 Horse Collar
17:31 Fletching
17:42 Padded Archer Armor
22:06 Castle Age
21:32 Wheelbarrow
23:01 Bow Saw
22:52 Heavy Plow
22:14 Crossbowman
23:10 Gold Mining
25:10 Hand Cart
25:36 Bodkin Arrow
25:56 Leather Archer Armor
27:01 Gold Shaft Mining
26:16 Stone Mining
27:30 Thumb Ring
28:30 Ballistics
30:57 Treadmill Crane
36:23 Imperial Age
36:24 Arbalester
38:13 Two-Man Saw
37:06 Stone Mining
38:07 Bracer
38:38 Ring Archer Armor
39:21 Chemistry
38:05 Capped Ram
39:21 Conscription
39:32 Siege Ram
40:44 Forging
40:34 Scale Mail Armor
40:42 Siege Engineers
42:31 Bolt Magazine
Schiza
6:20 Loom
9:54 Feudal Age
11:08 Double-Bit Axe
14:05 Fletching
24:00 Castle Age
22:09 Padded Archer Armor
23:55 Horse Collar
25:23 Bloodlines
25:10 Bodkin Arrow
26:12 Squires
26:15 Husbandry
27:50 Leather Archer Armor
30:00 Bow Saw
30:29 Gold Mining
30:31 Stone Mining
34:51 Ballistics
38:58 Imperial Age
37:17 Elite Skirmisher
39:55 Wheelbarrow
39:07 Town Watch
39:23 Cranequins
zdenekvais
11:44 Feudal Age
12:12 Double-Bit Axe
15:07 Horse Collar
31:16 Castle Age
32:03 Forging
31:53 Scale Mail Armor
31:44 Fletching
31:54 Padded Archer Armor
32:00 Scale Barding Armor
31:55 Pikeman
32:09 Elite Skirmisher
bubak750
10:57 Feudal Age
11:11 Feudal Age
15:23 Scale Barding Armor
15:28 Forging
20:04 Scale Mail Armor
23:12 Castle Age
21:42 Double-Bit Axe
21:52 Gold Mining
24:28 Husbandry
29:35 Iron Casting
29:20 Chain Barding Armor
31:51 Stone Mining
32:54 Gold Shaft Mining
Connection lost

Rejoining the realm…

Still unreachable

The connection could not be restored.

Session expired

The server has moved on; the page needs a fresh start.